 Dungeon Sprint DCSS version 0.20-a0-1043-gbd57889 (webtiles) character file.

38149 Deathtrap2010 the Severer (level 13, -1/130 HPs)
             Began as a Demonspawn Fighter on Apr 25, 2017.
             Was the Champion of Jiyva.
             Succumbed to Sonja's curare-tipped needle
             ... in the Dungeon (Sprint V: "Ziggurat Sprint").
             The game lasted 00:25:27 (712 turns).

Deathtrap2010 the Severer (Demonspawn Fighter)       Turns: 712, Time: 00:25:28

Health: -1/130     AC: 26    Str: 28    XL:     13   Next: 62%
Magic:  4/4        EV: 12    Int: 15    God:    Jiyva [******]
Gold:   0          SH: 33    Dex: 14    Spells: 12/12 levels left

rFire    + . .     SeeInvis +   F - +14 obsidian axe {chop, +Fly SInv *Curse}
rCold    + . .     Gourm    .   H - +18 shield of the Gong {rElec rN+ MR+ EV-5}
rNeg     + . .     Faith    .   G - +15 Maxwell's patent armour {-Cast -Tele rElec MR+ rCorr}
rPois    .         Spirit   .   (no helmet)
rElec    +         Reflect  .   (no cloak)
rCorr    +         Harm     .   (gloves unavailable)
MR       ++...     NoTele   +   (no boots) Stlth ..........NoCast +
                                c - amulet of Fixation {RegenMP +Inv MP-9 Int+7 Slay+3}
Regen    0.4/turn               C - +6 ring of strength
MPRegen  0.2/turn               z - +5 ring of slaying

@: lethally poisoned (-1 -> -49), mesmerised, slowed, studying Maces & Flails,
very slow
A: claws 3, repulsion field 1, blink, cold resistance 1, fire resistance 1,
nightstalker 2, sense surroundings 1, robust 1, screaming 1, spiny 1, wild magic
1, gelatinous body 1, pseudopods 1, translucent skin 1, evolution 1
a: Blink, Request Jelly, Slimify, Cure Bad Mutation, Renounce Religion, Evoke
Invisibility, Evoke Flight


You were in the Dungeon.
You worshipped Jiyva.
Jiyva was exalted by your worship.
You were completely stuffed.

You visited 1 branch

Inventory:

Hand Weapons
 F - the +14 obsidian axe (weapon) {chop, +Fly SInv *Curse}
   (You found it in the Dungeon)

   It inflicts extra damage upon your enemies.
   It lets you see invisible.
   It lets you fly.
   It curses itself when equipped.
Armour
 G - the +15 Maxwell's patent armour (worn) {-Cast -Tele rElec MR+ rCorr}
   (You found it in the Dungeon)

   It insulates you from electricity.
   It affects your resistance to hostile enchantments.
   It prevents spellcasting.
   It prevents most forms of teleportation.
   It protects you from acid and corrosion.
 H - the +18 shield of the Gong (worn) {rElec rN+ MR+ EV-5}
   (You found it in the Dungeon)

   It affects your evasion (-5).
   It insulates you from electricity.
   It protects you from negative energy.
   It affects your resistance to hostile enchantments.
Jewellery
 c - the amulet of Fixation (around neck) {RegenMP +Inv MP-9 Int+7 Slay+3}
   (You found it in the Dungeon)

   [amulet of magic regeneration]

   It increases your magic regeneration.
   It affects your intelligence (+7).
   It affects your accuracy and damage with ranged weapons and melee attacks
   (+3).
   It affects your magic capacity (-9).
   It lets you turn invisible.
 z - a +5 ring of slaying (right claw)
 C - a +6 ring of strength (left claw)
 D - a +6 ring of strength
Scrolls
 b - 4 scrolls of brand weapon
 k - 4 scrolls of blinking
 l - 4 scrolls of amnesia
 m - 3 scrolls of recharging
 n - 7 scrolls of fog
 o - 5 scrolls of identify
 p - 4 scrolls of remove curse
 q - 2 scrolls of fear
 y - 4 scrolls of enchant armour
Potions
 d - 6 potions of might
 e - 9 potions of curing
 g - 7 potions of heal wounds
 h - 6 potions of haste
 i - 7 potions of magic
 j - 3 potions of berserk rage
 r - 2 potions of brilliance
 s - 2 potions of invisibility
 t - 4 potions of resistance
 v - 6 potions of agility
Books
 u - a manual of Maces & Flails
Miscellaneous
 a - a lamp of fire
 A - a phial of floods (inert)
Comestibles
 f - 5 bread rations
 w - 42 fruits
 x - 4 meat rations


   Skills:
 * Level 16.3 Fighting
 * Level 20.7 Axes
 * Level 12.7 Armour
 * Level 11.8 Dodging
 * Level 15.9 Shields


You had 12 spell levels left.
You didn't know any spells.

Dungeon Overview and Level Annotations

Branches:
Dungeon (1/1)

Altars:
Ashenzari
Cheibriados
Dithmenos
Elyvilon
Fedhas
Gozag
Hepliaklqana
Kikubaaqudgha
Makhleb
Nemelex Xobeh
Okawaru
Qazlal
Ru
Sif Muna
Trog
Uskayaw
Vehumet
Wu Jian
Xom
Yredelemnul
Zin
The Shining One
Beogh
Jiyva
Lugonu

Annotations:
D exclusion: Roxanne, Aizul, Azrael, Dowan, Erica, Erolcha, Grum, Harold, Ijyb, Menkaure, Nessos, Psyche, Roxanne, Rupert, Snorg, Sonja, Urug


Innate Abilities, Weirdness & Mutations

You have claws for hands.
You are surrounded by a mild repulsion field. (EV +2)
You are significantly more attuned to the shadows.
You are partially covered in sharp spines.
You can translocate small distances at will.
Your flesh is cold resistant. (rC+)
Your flesh is heat resistant. (rF+)
You passively map a small area around you.
You are robust. (+10% HP)
You occasionally shout uncontrollably at your foes.
Your spells are a little harder to cast, but a little more powerful.
Your rubbery body absorbs attacks. (AC +1, EV +1)
Armour fits poorly on your pseudopods.
Your translucent skin slightly reduces your foes' accuracy. (Stealth)
You evolve.


Message History

It stops flaming.
Nessos wields an uncursed staff of energy.
Nessos hits you with an uncursed staff of energy.
* * * LOW HITPOINT WARNING * * *
Snorg bites you but does no damage. Snorg claws you.
* * * LOW HITPOINT WARNING * * *
Snorg closely misses you.
Urug throws a javelin.
The javelin hits your water elemental!!
Your water elemental is destroyed!
You hear a splash.
Rupert hits you with an executioner's axe of flaming!!
* * * LOW HITPOINT WARNING * * *
Rupert burns you.
* * * LOW HITPOINT WARNING * * *
Aizul is struck by your spines. Aizul hits you.
* * * LOW HITPOINT WARNING * * *
Harold mumbles some strange words.
Harold blinks!
Erolcha is struck by your spines. Erolcha barely misses you.
You rip the net and break free!
You die...

▓▓▓▓▓▓▓▓ *
▓▓▓▓▓▓▓▓
8_8_8_8▓ , ,
© , .....8©8
......_▓ , ,
, , ,
...[.:.G
..))..8▓
,:|)==8)}"[[
......†S
.J...._▓
..g≈†o.....
....S...
......8▓
...§≈(M....
....S†..
..}..._▓
,...@≈R§....
......G.
......8▓
...eTOS@...
.D......
..|..._▓
....@@g....
.......
......8▓*
....c.K....
.▓.....
......_▓
...........
▓.▓....
......8▓
,,.▓.......▓.
* .▓.....
......_▓ ,
▓▓.....▓▓*
.......
8_8_8_8▓
.▓.......▓.,
.......
▓▓▓▓▓▓▓▓*
...........
▓▓▓▓▓▓▓▓▓ , ,
...........
▓.....8©8 ,
*▓▓▓▓▓▓▓▓▓▓▓
▓..[.:3[)


You could see Roxanne, Aizul, Rupert, Snorg, Azrael, Nessos, Urug, Erica
(invisible), Erolcha, Psyche, Grum, Sonja, Ijyb, Menkaure and Dowan.

Vanquished Creatures
  A greater mummy (D)
  2 liches (D)
  An entropy weaver (D)
  A vampire knight (D)
  A mummy priest (D)
  9 vault guards (D)
  A dancing weapon (D)
  3 vampire magi (D)
  5 soul eaters (D)
  A thrashing horror (D)
  A deep elf knight (D)
  A hell knight (D)
  2 skeletal warriors (D)
  A lindwurm (shapeshifter) (D)
  2 necromancers (D)
  4 wolf spiders (D)
  5 deep elf magi (D)
  A manticore (shapeshifter) (D)
  4 toenail golems (D)
  A yaktaur (D)
  3 demonic crawlers (D)
  A guardian mummy (D)
  A hellwing (D)
  A jumping spider (D)
  6 hornets (D)
  A dream sheep (shapeshifter) (D)
  A tarantella (D)
  An air elemental (D)
  3 vampires (D)
  A ynoxinul (D)
  5 shadows (D)
  A fire elemental (D)
  A yak (D)
  A neqoxec (D)
  A large abomination (D)
  A phantom (D)
  A small abomination (D)
  3 necrophages (D)
  2 centaurs (D)
  A crocodile (shapeshifter) (D)
  A bullfrog (D)
  3 earth elementals (D)
  3 wights (D)
  A crimson imp (D)
  An orc priest (D)
  2 quasits (D)
  An iron imp (D)
  An orc wizard (D)
  5 mummies (D)
  A shadow imp (D)
  A spectral adder (D)
  4 adder zombies (D)
  3 adder skeletons (D)
  An orc (D)
  A spectral bat (D)
  5 bat skeletons (D)
  3 bat zombies (D)
  2 ball python skeletons (D)
  A giant cockroach zombie (D)
  A jackal skeleton (D)
  2 leopard gecko skeletons (D)
  3 leopard gecko zombies (D)
  3 quokka skeletons (D)
  3 quokka zombies (D)
  A spectral giant cockroach (D)
  A spectral leopard gecko (D)
137 creatures vanquished.

Vanquished Creatures (collateral kills)
  A vault guard (D)
  2 deep elf archers (D)
  A necromancer (D)
  An orb spider (D)
  A red devil (D)
  A redback (D)
  A vampire (D)
  A centaur (D)
  A wight (D)
  A quokka zombie (D)
11 creatures vanquished.

Vanquished Creatures (others)
  A very ugly thing (D)
  A lindwurm (shapeshifter) (D)
  An eye of devastation (shapeshifter) (D)
  A merfolk (shapeshifter) (D)
  Prince Ribbit (D)
  14 jellies (D)
  An ufetubus (D)
  3 bat zombies (D)
23 creatures vanquished.

Grand Total: 171 creatures vanquished

Notes
Turn   | Place    | Note
-------+----------+-------------------------------------------
     0 | D        | Deathtrap2010 the Demonspawn Fighter began the quest for the Orb.
     0 | D        | Reached XP level 1. HP: 18/18 MP: 1/1
     4 | D        | Found a blossoming altar of Fedhas.
     7 | D        | Found a viscous altar of Jiyva.
     7 | D        | Found an ancient bone altar of Kikubaaqudgha.
     7 | D        | Found a hazy altar of Hepliaklqana.
     7 | D        | Found a corrupted altar of Lugonu.
     7 | D        | Found an opulent altar of Gozag.
     7 | D        | Found a burning altar of Makhleb.
     8 | D        | Found a sacrificial altar of Ru.
     8 | D        | Found a deep blue altar of Sif Muna.
     8 | D        | Found a stormy altar of Qazlal.
     8 | D        | Found a bloodstained altar of Trog.
     8 | D        | Found an iron altar of Okawaru.
     8 | D        | Found a sparkling altar of Nemelex Xobeh.
   112 | D        | Became a worshipper of Jiyva Jomaasto the Shapeless
   115 | D        | Reached * piety under Jiyva
   115 | D        | Reached ** piety under Jiyva
   115 | D        | Reached *** piety under Jiyva
   115 | D        | Gained mutation: You expend magic power (3 MP) to strengthen your wands. [Jiyva's grace]
   115 | D        | Reached **** piety under Jiyva
   115 | D        | Gained mutation: Your spells are a little harder to cast, but a little more powerful. [Jiyva's grace]
   116 | D        | Reached ***** piety under Jiyva
   116 | D        | Gained mutation: You are resistant to electric shocks. (rElec) [Jiyva's grace]
   116 | D        | Lost mutation: Your spells are a little harder to cast, but a little more powerful. [Jiyva's grace]
   116 | D        | Reached ****** piety under Jiyva
   116 | D        | Gained mutation: You are frail. (-10% HP) [Jiyva's grace]
   116 | D        | Gained mutation: You have acidic saliva. [Jiyva's grace]
   118 | D        | Gained mutation: You have a beak for a mouth. [Jiyva's grace]
   118 | D        | Gained mutation: Your muscles are strong. (Str +2) [Jiyva's grace]
   118 | D        | Gained mutation: Armour fits poorly on your pseudopods. [Jiyva's grace]
   122 | D        | Lost mutation: You are resistant to electric shocks. (rElec) [Jiyva's grace]
   122 | D        | Gained mutation: You have a pair of small antennae on your head. [Jiyva's grace]
   123 | D        | Lost mutation: Your muscles are strong. (Str +2) [Jiyva's grace]
   123 | D        | Gained mutation: Your mind is acute. (Int +2) [Jiyva's grace]
   123 | D        | Gained mutation: Your system is resistant to poisons. (rPois) [Jiyva's grace]
   127 | D        | Lost mutation: Your system is resistant to poisons. (rPois) [Jiyva's grace]
   127 | D        | Gained mutation: Your flesh is heat resistant. (rF+) [Jiyva's grace]
   127 | D        | Lost mutation: You expend magic power (3 MP) to strengthen your wands. [Jiyva's grace]
   128 | D        | Reached skill level 3 in Axes
   128 | D        | Gained mutation: You are slightly more attuned to the shadows. [demonic ancestry]
   128 | D        | Reached XP level 2. HP: 23/23 MP: 2/2
   128 | D        | Gained mutation: Your rubbery body absorbs attacks. (AC +1, EV +1) [Jiyva's grace]
   129 | D        | Lost mutation: You are frail. (-10% HP) [Jiyva's power]
   131 | D        | Gained mutation: You can translocate small distances at will. [Jiyva's grace]
   131 | D        | Lost mutation: You have a pair of small antennae on your head. [Jiyva's grace]
   131 | D        | Gained mutation: You have a pair of small horns on your head. [Jiyva's grace]
   132 | D        | Gained mutation: Your pliable body absorbs attacks. (AC +2, EV +2) [Jiyva's grace]
   133 | D        | Lost mutation: You have a pair of small horns on your head. [Jiyva's grace]
   134 | D        | Lost mutation: Your mind is acute. (Int +2) [Jiyva's grace]
   134 | D        | Lost mutation: Your flesh is heat resistant. (rF+) [Jiyva's grace]
   135 | D        | Lost mutation: You have a beak for a mouth. [Jiyva's grace]
   135 | D        | Lost mutation: You can translocate small distances at will. [Jiyva's grace]
   135 | D        | Gained mutation: You are covered in slimy tendrils that may disarm your opponents. [Jiyva's grace]
   135 | D        | Gained mutation: You have a small jelly attached to you that may absorb incoming projectiles. [Jiyva's grace]
   135 | D        | Gained mutation: You have large cloven feet. [Jiyva's grace]
   135 | D        | Gained mutation: You are covered in fur. (AC +1) [Jiyva's grace]
   136 | D        | Gained mutation: Your mind is acute. (Int +2) [Jiyva's grace]
   136 | D        | Gained mutation: Your flesh is cold resistant. (rC+) [Jiyva's grace]
   136 | D        | Gained mutation: Your muscles are strong. (Str +2) [Jiyva's grace]
   136 | D        | Lost mutation: You are covered in slimy tendrils that may disarm your opponents. [Jiyva's grace]
   136 | D        | Gained mutation: Your gelatinous body deflects attacks. (AC +3, EV +3) [Jiyva's grace]
   136 | D        | Gained mutation: Your muscles are very strong. (Str +4) [Jiyva's grace]
   136 | D        | Lost mutation: Your gelatinous body deflects attacks. (AC +3, EV +3) [Jiyva's grace]
   137 | D        | Entered arena 1.
   137 | D        | Noticed a yak
   137 | D        | Noticed a bullfrog
   138 | D        | Lost mutation: Your mind is acute. (Int +2) [Jiyva's grace]
   139 | D        | Gained mutation: You are surrounded by a mild repulsion field. (EV +2) [Jiyva's grace]
   141 | D        | Killed a bullfrog
   141 | D        | Reached skill level 5 in Fighting
   141 | D        | Reached skill level 5 in Shields
   141 | D        | Reached XP level 3. HP: 33/33 MP: 3/3
   141 | D        | Gained mutation: You are significantly more attuned to the shadows. [demonic ancestry]
   141 | D        | Reached XP level 4. HP: 39/39 MP: 4/4
   141 | D        | Lost mutation: You have acidic saliva. [Jiyva's grace]
   141 | D        | Lost mutation: Armour fits poorly on your pseudopods. [Jiyva's grace]
   142 | D        | Killed a yak
   142 | D        | Reached skill level 4 in Axes
   142 | D        | Reached skill level 5 in Armour
   142 | D        | Reached XP level 5. HP: 47/47 MP: 5/5
   142 | D        | Gained mutation: Your mind is acute. (Int +2) [Jiyva's grace]
   145 | D        | Gained mutation: You possess an exceptional clarity of mind. [Jiyva's grace]
   151 | D        | Lost mutation: Your pliable body absorbs attacks. (AC +2, EV +2) [Jiyva's grace]
   153 | D        | Entered arena 2.
   156 | D        | Reached skill level 5 in Axes
   156 | D        | Lost mutation: You possess an exceptional clarity of mind. [Jiyva's grace]
   158 | D        | Gained mutation: You have sharp fingernails. [demonic ancestry]
   158 | D        | Reached XP level 6. HP: 53/53 MP: 6/6
   161 | D        | Lost mutation: Your muscles are very strong. (Str +4) [Jiyva's grace]
   164 | D        | Gained mutation: Your pliable body absorbs attacks. (AC +2, EV +2) [Jiyva's grace]
   165 | D        | Entered arena 3.
   165 | D        | Noticed a yaktaur
   167 | D        | Lost mutation: You have a small jelly attached to you that may absorb incoming projectiles. [Jiyva's grace]
   170 | D        | Reached skill level 6 in Axes
   172 | D        | Killed a yaktaur
   172 | D        | Reached skill level 5 in Dodging
   172 | D        | Mutation became permanent: You are surrounded by a mild repulsion field. (EV +2) [demonic ancestry]
   172 | D        | Gained mutation: You are surrounded by a mild repulsion field. (EV +2) [demonic ancestry]
   172 | D        | Reached XP level 7. HP: 56/62 MP: 7/7
   172 | D        | Gained mutation: Your muscles are very strong. (Str +4) [Jiyva's grace]
   174 | D        | Gained mutation: Your gelatinous body deflects attacks. (AC +3, EV +3) [Jiyva's grace]
   176 | D        | Got the ring of Wu Jian's Castigation {rPois Int+4}
   178 | D        | Entered arena 4.
   180 | D        | Gained mutation: You have a small jelly attached to you that senses nearby items. [Jiyva's grace]
   181 | D        | Lost mutation: Your mind is acute. (Int +2) [Jiyva's grace]
   182 | D        | Reached skill level 7 in Axes
   186 | D        | Gained mutation: Your body sometimes deteriorates upon taking damage. [Jiyva's grace]
   191 | D        | Gained mutation: Your body has grown golden eyes which may confuse attackers. (Acc +3) [Jiyva's grace]
   194 | D        | Entered arena 5.
   194 | D        | Noticed an air elemental
   194 | D        | Noticed a deep elf archer
   194 | D        | Noticed a hand axe of chopping
   194 | D        | Noticed a deep elf mage
   194 | D        | Noticed a deep elf mage
   195 | D        | Gained mutation: Your spells are a little harder to cast, but a little more powerful. [Jiyva's grace]
   196 | D        | Lost mutation: Your body sometimes deteriorates upon taking damage. [Jiyva's power]
   197 | D        | Lost mutation: You are covered in fur. (AC +1) [Jiyva's grace]
   200 | D        | Killed an air elemental
   200 | D        | Killed a deep elf mage
   200 | D        | Reached skill level 8 in Axes
   200 | D        | Reached XP level 8. HP: 67/70 MP: 8/8
   201 | D        | Killed a hand axe of chopping
   201 | D        | Reached skill level 9 in Axes
   201 | D        | Gained mutation: Your flesh is heat resistant. (rF+) [Jiyva's grace]
   205 | D        | Killed a deep elf mage
   205 | D        | Reached skill level 10 in Axes
   205 | D        | Reached skill level 10 in Shields
   205 | D        | Gained mutation: You have very sharp fingernails. [demonic ancestry]
   205 | D        | Reached XP level 9. HP: 78/78 MP: 9/9
   205 | D        | Lost mutation: Your muscles are very strong. (Str +4) [Jiyva's grace]
   210 | D        | Lost mutation: Your muscles are strong. (Str +2) [Jiyva's grace]
   216 | D        | Killed a deep elf archer
   216 | D        | Reached skill level 10 in Fighting
   216 | D        | Gained mutation: You have hoof-like feet. [Jiyva's grace]
   220 | D        | Got the +8 hand axe "Demonspawn's Curse" {protect, +Fly rPois rF- Stlth+}
   220 | D        | Lost mutation: Your body has grown golden eyes which may confuse attackers. (Acc +3) [Jiyva's grace]
   224 | D        | Lost mutation: Your flesh is cold resistant. (rC+) [Jiyva's grace]
   225 | D        | Entered arena 6.
   226 | D        | Noticed a greater mummy
   226 | D        | Noticed a mummy priest
   227 | D        | Noticed a shadow wraith
   227 | D        | Noticed a guardian mummy
   229 | D        | Noticed a jiangshi
   229 | D        | Noticed a shadow wraith
   229 | D        | Gained mutation: Your muscles are strong. (Str +2) [Jiyva's grace]
   233 | D        | Noticed a mana viper
   233 | D        | Noticed a mana viper
   233 | D        | Noticed a mana viper
   234 | D        | Lost mutation: Your flesh is heat resistant. (rF+) [Jiyva's grace]
   235 | D        | Noticed a freezing wraith
   235 | D        | Killed a mummy priest
   235 | D        | Reached skill level 11 in Axes
   236 | D        | Killed a guardian mummy
   237 | D        | Lost mutation: Your gelatinous body deflects attacks. (AC +3, EV +3) [Jiyva's grace]
   240 | D        | Lost mutation: Your muscles are strong. (Str +2) [Jiyva's grace]
   245 | D        | Lost mutation: You have a small jelly attached to you that senses nearby items. [Jiyva's grace]
   247 | D        | Killed a greater mummy
   247 | D        | Reached skill level 13 in Axes
   247 | D        | Reached XP level 10. HP: 51/87 MP: 10/10
   247 | D        | Noticed a reaper
   250 | D        | Lost mutation: You have hoof-like feet. [Jiyva's grace]
   254 | D        | Gained mutation: Your translucent skin slightly reduces your foes' accuracy. (Stealth) [Jiyva's grace]
   259 | D        | Gained mutation: Your system is resistant to poisons. (rPois) [Jiyva's grace]
   263 | D        | Lost mutation: Your translucent skin slightly reduces your foes' accuracy. (Stealth) [Jiyva's grace]
   268 | D        | Entered arena 7.
   268 | D        | Gained mutation: You are resistant to hostile enchantments. (MR+) [Jiyva's grace]
   269 | D        | Noticed a deep elf mage
   269 | D        | Noticed a deep elf knight
   269 | D        | Gained mutation: You have hoof-like feet. [Jiyva's grace]
   270 | D        | Noticed a deep elf mage
   270 | D        | Noticed a deep elf archer
   270 | D        | Noticed a deep elf mage
   271 | D        | Lost mutation: Your pliable body absorbs attacks. (AC +2, EV +2) [Jiyva's grace]
   271 | D        | Lost mutation: Your rubbery body absorbs attacks. (AC +1, EV +1) [Jiyva's grace]
   272 | D        | Noticed a soul eater
   273 | D        | Gained mutation: You have a beak for a mouth. [Jiyva's grace]
   276 | D        | Killed a deep elf mage
   276 | D        | Reached skill level 10 in Armour
   276 | D        | Killed a deep elf mage
   277 | D        | Noticed a soul eater
   277 | D        | Killed a deep elf knight
   277 | D        | Reached skill level 14 in Axes
   277 | D        | Gained mutation: You are covered in fur. (AC +1) [Jiyva's grace]
   281 | D        | Lost mutation: You have hoof-like feet. [Jiyva's grace]
   282 | D        | Killed a deep elf mage
   282 | D        | Gained mutation: You have claws for hands. [demonic ancestry]
   282 | D        | Reached XP level 11. HP: 71/94 MP: 11/11
   284 | D        | Killed a deep elf archer
   285 | D        | Lost mutation: You have a beak for a mouth. [Jiyva's grace]
   287 | D        | Gained mutation: You are resistant to electric shocks. (rElec) [Jiyva's grace]
   287 | D        | Gained mutation: Your mind is acute. (Int +2) [Jiyva's grace]
   287 | D        | Lost mutation: Your spells are a little harder to cast, but a little more powerful. [Jiyva's grace]
   287 | D        | Lost mutation: Your system is resistant to poisons. (rPois) [Jiyva's grace]
   291 | D        | Got the ring "Sohavut" {SInv Stlth-}
   303 | D        | Entered arena 8.
   303 | D        | Gained mutation: You have hoof-like feet. [Jiyva's grace]
   305 | D        | Lost mutation: You are resistant to hostile enchantments. (MR+) [Jiyva's grace]
   305 | D        | Lost mutation: You are covered in fur. (AC +1) [Jiyva's grace]
   306 | D        | Lost mutation: You have hoof-like feet. [Jiyva's grace]
   314 | D        | Gained mutation: You have a pair of small horns on your head. [Jiyva's grace]
   314 | D        | Gained mutation: Your flesh is cold resistant. (rC+) [Jiyva's grace]
   326 | D        | Gained mutation: Your flesh is very cold resistant. (rC++) [Jiyva's grace]
   333 | D        | Lost mutation: You have a pair of small horns on your head. [Jiyva's grace]
   338 | D        | Entered arena 9.
   339 | D        | Gained mutation: Your flesh is heat resistant. (rF+) [Jiyva's grace]
   340 | D        | Gained mutation: You have a pair of small antennae on your head. [Jiyva's grace]
   340 | D        | Gained mutation: You are resistant to hostile enchantments. (MR+) [Jiyva's grace]
   341 | D        | Lost mutation: Your mind is acute. (Int +2) [Jiyva's grace]
   346 | D        | Entered arena 10.
   351 | D        | Gained mutation: You are highly resistant to hostile enchantments. (MR++) [Jiyva's grace]
   361 | D        | Got the amulet of Fixation {RegenMP +Inv MP-9 Int+7 Slay+3}
   361 | D        | Lost mutation: Your flesh is heat resistant. (rF+) [Jiyva's grace]
   368 | D        | Got the ring "Jahoshe" {Wiz Slay+3}
   370 | D        | Got the ring of Wimmatz {rElec rF+++ MR+ Dex-2 SInv}
   373 | D        | Lost mutation: You have a pair of small antennae on your head. [Jiyva's grace]
   380 | D        | Entered arena 11.
   381 | D        | Lost mutation: Your flesh is very cold resistant. (rC++) [Jiyva's grace]
   382 | D        | Noticed a hell knight
   387 | D        | Reached skill level 15 in Axes
   388 | D        | Killed a hell knight
   394 | D        | Lost mutation: Your flesh is cold resistant. (rC+) [Jiyva's grace]
   400 | D        | Got the ring "Saisax" {rC+ AC+2}
   407 | D        | Gained mutation: You can translocate small distances at will. [Jiyva's grace]
   411 | D        | Entered arena 12.
   413 | D        | Noticed a lich
   413 | D        | Noticed a vault guard
   413 | D        | Noticed a vault guard
   413 | D        | Noticed a vault guard
   413 | D        | Noticed a vault guard
   414 | D        | Noticed a vault guard
   415 | D        | Noticed a vault guard
   415 | D        | Noticed a vault guard
   415 | D        | Noticed a vault guard
   415 | D        | Noticed a vault guard
   415 | D        | Noticed a vault guard
   418 | D        | Killed a vault guard
   419 | D        | Killed a vault guard
   419 | D        | Reached skill level 16 in Axes
   421 | D        | Lost mutation: You are highly resistant to hostile enchantments. (MR++) [Jiyva's grace]
   422 | D        | Killed a lich
   422 | D        | Reached skill level 17 in Axes
   424 | D        | Killed a vault guard
   426 | D        | Killed a vault guard
   426 | D        | Killed a vault guard
   426 | D        | Reached skill level 18 in Axes
   426 | D        | Gained mutation: You are partially covered in sharp spines. [demonic ancestry]
   426 | D        | Reached XP level 12. HP: 95/103 MP: 3/12
   430 | D        | Killed a vault guard
   433 | D        | Killed a vault guard
   433 | D        | Reached skill level 10 in Dodging
   434 | D        | Killed a vault guard
   435 | D        | Killed a vault guard
   438 | D        | Killed a vault guard
   438 | D        | Reached skill level 19 in Axes
   442 | D        | Gained mutation: Your rubbery body absorbs attacks. (AC +1, EV +1) [Jiyva's grace]
   452 | D        | Gained mutation: Your spells are a little harder to cast, but a little more powerful. [Jiyva's grace]
   457 | D        | Entered arena 13.
   470 | D        | Lost mutation: You are resistant to electric shocks. (rElec) [Jiyva's grace]
   479 | D        | Lost mutation: Your rubbery body absorbs attacks. (AC +1, EV +1) [Jiyva's grace]
   479 | D        | Lost mutation: Your spells are a little harder to cast, but a little more powerful. [Jiyva's grace]
   479 | D        | Gained mutation: You have acidic saliva. [Jiyva's grace]
   487 | D        | Lost mutation: You can translocate small distances at will. [Jiyva's grace]
   495 | D        | Entered arena 14.
   495 | D        | Noticed a vampire mage
   495 | D        | Gained mutation: You are covered in slimy tendrils that may disarm your opponents. [Jiyva's grace]
   501 | D        | Noticed a lich
   505 | D        | Killed a vampire mage
   506 | D        | Gained mutation: Your spells are a little harder to cast, but a little more powerful. [Jiyva's grace]
   512 | D        | Killed a lich
   517 | D        | Gained mutation: Your rubbery body absorbs attacks. (AC +1, EV +1) [Jiyva's grace]
   527 | D        | Gained mutation: You have a pair of small antennae on your head. [Jiyva's grace]
   533 | D        | Entered arena 15.
   537 | D        | Lost mutation: You have a pair of small antennae on your head. [Jiyva's grace]
   548 | D        | Reached XP level 13. HP: 109/114 MP: 4/13
   551 | D        | Gained mutation: Scrolls take you a little longer to read. [Jiyva's grace]
   560 | D        | Gained mutation: You are robust. (+10% HP) [Jiyva's grace]
   568 | D        | Gained mutation: Your pliable body absorbs attacks. (AC +2, EV +2) [Jiyva's grace]
   573 | D        | Entered arena 16.
   574 | D        | Gained mutation: Your gelatinous body deflects attacks. (AC +3, EV +3) [Jiyva's grace]
   575 | D        | Lost mutation: Scrolls take you a little longer to read. [Jiyva's power]
   576 | D        | Lost mutation: Your gelatinous body deflects attacks. (AC +3, EV +3) [Jiyva's grace]
   579 | D        | Gained mutation: You have a small jelly attached to you that senses nearby items. [Jiyva's grace]
   579 | D        | Lost mutation: Your spells are a little harder to cast, but a little more powerful. [Jiyva's grace]
   579 | D        | Lost mutation: You are resistant to hostile enchantments. (MR+) [Jiyva's grace]
   579 | D        | Lost mutation: You are robust. (+10% HP) [Jiyva's grace]
   579 | D        | Lost mutation: You have large cloven feet. [Jiyva's grace]
   580 | D        | Noticed a red very ugly thing
   581 | D        | Gained mutation: You can translocate small distances at will. [Jiyva's grace]
   582 | D        | Lost mutation: You have a small jelly attached to you that senses nearby items. [Jiyva's grace]
   583 | D        | Lost mutation: Your pliable body absorbs attacks. (AC +2, EV +2) [Jiyva's grace]
   583 | D        | Gained mutation: You are agile. (Dex +2) [Jiyva's grace]
   583 | D        | Gained mutation: Your flesh is cold resistant. (rC+) [Jiyva's grace]
   583 | D        | Gained mutation: You have an increased reservoir of magic. (+10% MP) [Jiyva's grace]
   586 | D        | Gained mutation: Your flesh is heat resistant. (rF+) [Jiyva's grace]
   587 | D        | Gained mutation: You have a pair of small antennae on your head. [Jiyva's grace]
   588 | D        | Reached skill level 20 in Axes
   589 | D        | Gained mutation: Your translucent skin slightly reduces your foes' accuracy. (Stealth) [Jiyva's grace]
   590 | D        | Gained mutation: Your translucent skin reduces your foes' accuracy. (Stealth) [Jiyva's grace]
   590 | D        | Lost mutation: You are agile. (Dex +2) [Jiyva's grace]
   591 | D        | Killed a red very ugly thing
   592 | D        | Lost mutation: You have an increased reservoir of magic. (+10% MP) [Jiyva's grace]
   592 | D        | Gained mutation: Your spells are a little harder to cast, but a little more powerful. [Jiyva's grace]
   593 | D        | Gained mutation: You have an increased reservoir of magic. (+10% MP) [Jiyva's grace]
   594 | D        | Got the ring of Loaw Icy {Ice MR+ Dex+2}
   594 | D        | Gained mutation: You possess an exceptional clarity of mind. [Jiyva's grace]
   595 | D        | Lost mutation: Your flesh is cold resistant. (rC+) [Jiyva's grace]
   597 | D        | Lost mutation: You have an increased reservoir of magic. (+10% MP) [Jiyva's grace]
   600 | D        | Entered arena 17.
   601 | D        | Gained mutation: Your flesh is cold resistant. (rC+) [Jiyva's grace]
   603 | D        | Gained mutation: You occasionally shout uncontrollably at your foes. [Jiyva's grace]
   605 | D        | Lost mutation: You have a pair of small antennae on your head. [Jiyva's grace]
   607 | D        | Noticed an entropy weaver
   607 | D        | Reached skill level 15 in Fighting
   607 | D        | Reached skill level 15 in Shields
   616 | D        | Gained mutation: You are robust. (+10% HP) [Jiyva's grace]
   616 | D        | Gained mutation: You evolve. [Jiyva's grace]
   618 | D        | Killed an entropy weaver
   621 | D        | Lost mutation: You have acidic saliva. [Jiyva's grace]
   628 | D        | Gained mutation: You passively map a small area around you. [Jiyva's grace]
   642 | D        | Lost mutation: You are covered in slimy tendrils that may disarm your opponents. [Jiyva's grace]
   653 | D        | Gained mutation: Armour fits poorly on your pseudopods. [Jiyva's grace]
   655 | D        | Entered arena 18.
   663 | D        | Noticed a vampire knight
   664 | D        | Lost mutation: You possess an exceptional clarity of mind. [Jiyva's grace]
   672 | D        | Killed a vampire knight
   680 | D        | Gained mutation: You are agile. (Dex +2) [Jiyva's grace]
   680 | D        | Lost mutation: You are agile. (Dex +2) [Jiyva's grace]
   695 | D        | Lost mutation: Your translucent skin reduces your foes' accuracy. (Stealth) [Jiyva's grace]
   698 | D        | Entered arena 19.
   705 | D        | Noticed Rupert
   705 | D        | Noticed Erica
   705 | D        | Noticed Sonja
   705 | D        | Noticed Prince Ribbit
   705 | D        | Noticed Erolcha
   705 | D        | Noticed Roxanne
   705 | D        | Noticed Menkaure
   705 | D        | Noticed Harold
   705 | D        | Noticed Aizul
   706 | D        | Noticed Dowan
   706 | D        | Noticed Azrael
   706 | D        | Noticed Snorg
   706 | D        | Noticed Urug
   707 | D        | Noticed Nessos
   707 | D        | Noticed Ijyb
   708 | D        | Noticed Grum
   708 | D        | Noticed Psyche
   710 | D        | Killed Prince Ribbit
   711 | D        | HP: 6/130 [Rupert/executioner's axe of flaming (2)]
   712 | D        | Succumbed to Sonja's curare-tipped needle

Vault maps used:
D:        sprint_v

Skill      XL: |  1  2  3  4  5  6  7  8  9 10 11 12 13 |
---------------+----------------------------------------+-----
Fighting       | 4 5 6 8 9 11 12 14 16 | 16.3
Axes           | 3 4 5 6 8 10 13 14 18 19 20 | 20.7
Armour         | 4 5 6 7 8 9 10 11 12 | 12.7
Dodging        | 2 3 4 5 6 8 9 11 | 11.8
Shields        | 4 5 6 8 9 10 11 12 13 14 15 | 15.9

Action                   |  1- 3 |  4- 6 |  7- 9 | 10-12 | 13-15 || total
-------------------------+-------+-------+-------+-------+-------++-------
Melee: Broad axe         |     4 |     9 |    30 |   108 |    42 ||   193
       Kick              |     1 |     2 |     7 |    39 |     2 ||    51
       Pseudopods        |     1 |       |       |       |     8 ||     9
       Peck              |       |       |       |     2 |       ||     2
       Headbutt          |       |       |       |     3 |       ||     3
       Bite              |       |       |       |     4 |     3 ||     7
Invok: Request Jelly     |     2 |       |       |     1 |     1 ||     4
       Cure Bad Mutation |     1 |       |     2 |       |     1 ||     4
Evoke: Phial of floods   |       |       |       |       |     1 ||     1
  Use: Potion            |     1 |       |     2 |       |     2 ||     5
       Scroll            |     1 |       |       |       |       ||     1
 Stab: Distracted        |       |       |       |       |     1 ||     1
Armor: Plate armour      |     1 |     3 |    20 |    26 |    21 ||    71
Dodge: Dodged            |     2 |     2 |    15 |    14 |    27 ||    60
Block: Shield            |     6 |    17 |    68 |   142 |    76 ||   309
